 Dungeon Crawl Stone Soup version 0.20-a0-947-g2784f4f (webtiles) character file.

52 Firebatgyro the Skirmisher (level 3, 0/29 HPs)
             Began as a Demonspawn Artificer on Apr 2, 2017.
             Succumbed to an adder's poison
             ... on level 2 of the Dungeon.
             The game lasted 00:01:58 (1505 turns).

Firebatgyro the Skirmisher (Demonspawn Artificer)   Turns: 1505, Time: 00:01:58

Health: 0/29       AC:  3    Str: 13    XL:     3   Next: 60%
Magic:  5/5        EV: 12    Int: 12    God:
Gold:   71         SH:  0    Dex: 13    Spells: 2/2 levels left

rFire    . . .     SeeInvis .   a - +0 short sword
rCold    . . .     Gourm    .   (no shield)
rNeg     . . .     Faith    .   b - +0 leather armour
rPois    .         Spirit   .   (helmet restricted)
rElec    .         Reflect  .   (no cloak)
rCorr    .         Harm     .   (no gloves)
MR       +....                  (no boots)
Stlth    +.........             (no amulet)
Regen    0.1/turn               (no ring)
MPRegen  0.1/turn               (no ring)

@: lethally poisoned (0 -> -15)
A: antennae 1, demonic guardian 1, magic resistance 1, rot immunity
a: no special abilities


You were on level 2 of the Dungeon.
You were not hungry.

You visited 1 branch of the dungeon, and saw 2 of its levels.

You collected 71 gold pieces.

Inventory:

Hand Weapons
 a - a +0 short sword (weapon)
Armour
 b - a +0 leather armour (worn)
Jewellery
 l - an uncursed ring of protection from fire {unknown}
Wands
 c - a wand of flame (15/48)
 d - a wand of enslavement (15/24)
 e - a wand of random effects (15/48)
Scrolls
 g - 2 scrolls of magic mapping {unknown}
 i - 2 scrolls of teleportation {unknown}
 k - 2 scrolls of identify {unknown}
 m - a scroll of remove curse {unknown}
 r - a scroll of amnesia {unknown}
Potions
 j - a potion of mutation
 q - a potion of flight {unknown}
Comestibles
 f - a bread ration
 h - a royal jelly


   Skills:
 + Level 3.5 Fighting
 - Level 0.8 Short Blades
 - Level 1.7 Dodging
 - Level 0.8 Stealth
 - Level 3.0 Evocations


You had 2 spell levels left.
You didn't know any spells.

Dungeon Overview and Level Annotations

Branches:
Dungeon (2/15)

Altars:


Innate Abilities, Weirdness & Mutations

A weak demonic guardian rushes to your aid.
You are immune to rotting.
You have a pair of small antennae on your head.
You are resistant to hostile enchantments. (MR+)


Message History

The adder poisons you!
It was a potion of mutation.
You feel extremely strange.
You feel resistant to hostile enchantments.
A pair of antennae grows on your head!
* * * LOW HITPOINT WARNING * * *
You feel sick. The adder bites you.
* * * LOW HITPOINT WARNING * * *
You are more poisoned.
The adder poisons you!
It was a potion of invisibility.
You fade into invisibility!
* * * LOW HITPOINT WARNING * * *
You feel sick. The adder closely misses you. The adder misses you.
You are very lightly contaminated with residual magic.
It was a potion of cancellation.
Your magical effects are unravelling.
You feel magically purged.
Your magical contamination has completely faded away.
You flicker back into view.
You die...

#### ###### ##.....
.....# (#..... .....#
##### ...!... .....##
#...##.......
.....'####+####.@Sr......
.....##.......#.###.#####
####..#.......#.# #
#†.#...#...#.#.###
####..'..###..'.....#
......#...#...#........
......#.......###.#.###
....###.......# +# #
....# ####+####


You could see an adder and a quokka.

Vanquished Creatures
  2 adders (D:2)
  A worm (D:2)
  2 dart slugs (D:1)
  A leopard gecko (D:2)
  3 bats
  5 goblins
  3 hobgoblins (D:1)
  2 jackals (D:2)
  2 frilled lizards
  2 kobolds (D:1)
  3 rats
26 creatures vanquished.

Notes
Turn   | Place    | Note
-------+----------+-------------------------------------------
     0 | D:1      | Firebatgyro the Demonspawn Artificer began the quest for the Orb.
     0 | D:1      | Reached XP level 1. HP: 15/15 MP: 3/3
   199 | D:1      | Gained mutation: You are immune to rotting. [demonic ancestry]
   199 | D:1      | Reached XP level 2. HP: 21/22 MP: 4/4
   934 | D:2      | Gained mutation: A weak demonic guardian rushes to your aid. [demonic ancestry]
   934 | D:2      | Reached XP level 3. HP: 14/29 MP: 5/5
  1503 | D:2      | Gained mutation: You are resistant to hostile enchantments. (MR+) [potion of mutation]
  1503 | D:2      | Gained mutation: You have a pair of small antennae on your head. [potion of mutation]
  1504 | D:2      | HP: 1/29 [poisoned by an adder]
  1505 | D:2      | Succumbed to an adder's poison

Vault maps used:
D:1:      minmay_arrival_four_houses
D:2:      kennysheep_generic_room_8

Skill      XL: |  1  2 |
---------------+-------+-----
Fighting       | 2 3 |  3.5
Short Blades   | |  0.8
Dodging        | |  1.7
Stealth        | |  0.8
Evocations     | |  3.0

Action                   || total
-------------------------++-------
Melee: Short sword       ||   112
  Use: Potion            ||     3
 Stab: Sleeping          ||     2
  Eat: Chunk             ||     2
Armor: Leather armour    ||    24
Dodge: Dodged            ||    64
